NCAA
RUTGERS SCARLET KNIGHTS @ COLORADO BUFFALOES
04/02/2027
 
TOP OF THE 1ST
Rutgers Scarlet Knights batting - Pitching for Colorado Buffaloes : RHP Dan Salinas
Pitching: RHP Dan Salinas
Batting: LHB Dave Watkins 0-0: Called Strike
0-1: Called Strike
0-2: Strikes out swinging, 2-3 out at first.
Batting: RHB Joe Roberts 0-0: SINGLE (Groundball, 56S) (infield hit)
Batting: SHB Woody Stanley 0-0: Ball
1-0: Ball
2-0: Ball
3-0: Base on Balls
Joe Roberts to second
Batting: LHB Carlos Hernández 0-0: Called Strike
0-1: Ball
1-1: Foul Ball, location: 2F
1-2: Foul Ball, location: 2F
1-2: Foul Ball, location: 2F
1-2: Foul Ball, location: 2F
1-2: Strikes out swinging
Batting: RHB Howard Battle 0-0: Ball
1-0: Ball
2-0: Ball
3-0: Called Strike
3-1: Base on Balls
Joe Roberts to third
Woody Stanley to second
Batting: RHB Jesús León 0-0: Called Strike
0-1: SINGLE (Flyball, 8LS)
Joe Roberts scores
Woody Stanley to third
Howard Battle to second
Runner from 3rd tries for Home, SAFE, no throw
Batting: RHB Norm Gunn 0-0: Called Strike
0-1: Ball
1-1: Ball
2-1: Ball
3-1: Foul Ball, location: 2F
3-2: Strikes out looking
Top of the 1st over - 2 run(s), 2 hit(s), 0 error(s), 2 left on base; Rutgers 2 - Colorado 0
BOTTOM OF THE 1ST
Colorado Buffaloes batting - Pitching for Rutgers Scarlet Knights : RHP Miguel Durán
Pitching: RHP Miguel Durán
Batting: RHB Eddie Woods 0-0: Swinging Strike
0-1: Foul Ball, location: 2F
0-2: SINGLE (Line Drive, 9S)
Batting: LHB Marcos Fontanez 0-0: Ball
1-0: Swinging Strike
1-1: Swinging Strike
1-2: Strikes out swinging
Batting: LHB Ethan Shaw 0-0: Ball
1-0: Ball
2-0: Ball
Eddie Woods steals 2nd base
3-0: Called Strike
3-1: SINGLE (Groundball, 34) (infield hit)
Eddie Woods to third
Batting: LHB Claudio Jaramillo 0-0: Ball
1-0: Ball
2-0: DOUBLE (Line Drive, 7LM)
Eddie Woods scores
Ethan Shaw to third
Batting: RHB John Jones 0-0: Called Strike
0-1: Ground out 5-3 (Groundball, 56)
Ethan Shaw scores
Batting: SHB Caleb Hart 0-0: Ball
1-0: Ball
2-0: Ball
3-0: Foul Ball, location: 2F
3-1: Called Strike
3-2: Strikes out swinging
Bottom of the 1st over - 2 run(s), 3 hit(s), 0 error(s), 1 left on base; Rutgers 2 - Colorado 2
TOP OF THE 2ND
Rutgers Scarlet Knights batting - Pitching for Colorado Buffaloes : RHP Dan Salinas
Batting: RHB Eric Green 0-0: Called Strike
0-1: Ball
1-1: SOLO HOME RUN (Line Drive, 9D), Distance : 352 ft
Batting: LHB Ryan Washington 0-0: Ground out 6-3 (Groundball, 6)
Batting: LHB Dave Watkins 0-0: Ball
1-0: Called Strike
1-1: Foul Ball, location: 2F
1-2: Ball
2-2: Foul Ball, location: 2F
2-2: Ball
3-2: SINGLE (Groundball, 4MD)
Batting: RHB Joe Roberts 0-0: Ball
1-0: Swinging Strike
1-1: Ball
2-1: Foul Ball, location: 2F
2-2: Foul Ball, location: 2F
2-2: Foul Ball, location: 2F
2-2: Foul Ball, location: 2F
2-2: Ball
3-2: Base on Balls
Dave Watkins to second
Batting: SHB Woody Stanley 0-0: Ball
1-0: Foul Ball, location: 2F
1-1: Ball
2-1: Swinging Strike
2-2: Ground out 3-1 (Groundball, 34S)
Dave Watkins to third
Joe Roberts to second
Batting: LHB Carlos Hernández 0-0: Ball
1-0: Swinging Strike
1-1: Fly out, F7 (Flyball, 7)
Top of the 2nd over - 1 run(s), 2 hit(s), 0 error(s), 2 left on base; Rutgers 3 - Colorado 2
BOTTOM OF THE 2ND
Colorado Buffaloes batting - Pitching for Rutgers Scarlet Knights : RHP Miguel Durán
Batting: RHB Roger Lamb 0-0: Ground out 4-3 (Groundball, 4MS)
Batting: RHB Jeff Atkinson 0-0: Ball
1-0: Foul Ball, location: 2F
1-1: Ball
2-1: Ball
3-1: Foul Ball, location: 2F
3-2: Foul Ball, location: 2F
3-2: SINGLE (Flyball, 7S)
Batting: LHB Mark Spencer 0-0: SINGLE (Groundball, 34S) (infield hit)
Jeff Atkinson to second
Batting: RHB Eddie Woods 0-0: Called Strike
0-1: Grounds into double play, 6-4-3 (Groundball, 6)
Bottom of the 2nd over - 0 run(s), 2 hit(s), 0 error(s), 1 left on base; Rutgers 3 - Colorado 2
TOP OF THE 3RD
Rutgers Scarlet Knights batting - Pitching for Colorado Buffaloes : RHP Dan Salinas
Batting: RHB Howard Battle 0-0: Called Strike
0-1: Fly out, F8 (Flyball, 8RM)
Batting: RHB Jesús León 0-0: Called Strike
0-1: Ball
1-1: Ground out 6-3 (Groundball, 6)
Batting: RHB Norm Gunn 0-0: Fly out, F9 (Flyball, 89M)
Top of the 3rd over - 0 run(s), 0 hit(s), 0 error(s), 0 left on base; Rutgers 3 - Colorado 2
BOTTOM OF THE 3RD
Colorado Buffaloes batting - Pitching for Rutgers Scarlet Knights : RHP Miguel Durán
Batting: LHB Marcos Fontanez 0-0: Called Strike
0-1: Fly out, F8 (Flyball, 8LS)
Batting: LHB Ethan Shaw 0-0: Ball
1-0: DOUBLE (Line Drive, 9LM)
Batting: LHB Claudio Jaramillo 0-0: Called Strike
0-1: Ball
1-1: Foul Ball, location: 2F
1-2: Strikes out looking
Batting: RHB John Jones 0-0: Ball
1-0: Ground out 1-3 (Groundball, 13S)
Bottom of the 3rd over - 0 run(s), 1 hit(s), 0 error(s), 1 left on base; Rutgers 3 - Colorado 2
TOP OF THE 4TH
Rutgers Scarlet Knights batting - Pitching for Colorado Buffaloes : RHP Dan Salinas
Batting: RHB Eric Green 0-0: DOUBLE (Flyball, 78D)
Batting: LHB Ryan Washington 0-0: Called Strike
0-1: Swinging Strike
0-2: Ball
1-2: Ball
2-2: Strikes out swinging
Batting: LHB Dave Watkins 0-0: Called Strike
0-1: Fly out, F8 (Flyball, 8LS)
Batting: RHB Joe Roberts 0-0: Called Strike
0-1: Swinging Strike
0-2: Foul Ball, location: 2F
0-2: Ball
1-2: Foul Ball, location: 2F
1-2: Foul Ball, location: 2F
1-2: Foul Ball, location: 2F
1-2: Ball
2-2: Strikes out swinging
Top of the 4th over - 0 run(s), 1 hit(s), 0 error(s), 1 left on base; Rutgers 3 - Colorado 2
BOTTOM OF THE 4TH
Colorado Buffaloes batting - Pitching for Rutgers Scarlet Knights : RHP Miguel Durán
Batting: SHB Caleb Hart 0-0: Called Strike
0-1: Called Strike
0-2: Ball
1-2: Ball
2-2: Ball
3-2: Foul Ball, location: 2F
3-2: Base on Balls
Batting: RHB Roger Lamb 0-0: Ball
1-0: Ball
2-0: Ball
3-0: Called Strike
3-1: Foul Ball, location: 2F
3-2: 2-RUN HOME RUN (Flyball, 89XD), Distance : 390 ft
Batting: RHB Jeff Atkinson 0-0: Called Strike
0-1: Swinging Strike
0-2: Ball
1-2: Ball
2-2: Fly out, F5 (Popup, 5S)
Batting: LHB Mark Spencer 0-0: Called Strike
0-1: Swinging Strike
0-2: Ball
1-2: Foul Ball, location: 2F
1-2: Ball
2-2: Ground out 1-3 (Groundball, P)
Batting: RHB Eddie Woods 0-0: Ball
1-0: Ball
2-0: Foul Ball, location: 2F
2-1: Ball
3-1: Fly out, F4 (Line Drive, 4)
Bottom of the 4th over - 2 run(s), 1 hit(s), 0 error(s), 0 left on base; Rutgers 3 - Colorado 4
TOP OF THE 5TH
Rutgers Scarlet Knights batting - Pitching for Colorado Buffaloes : RHP Dan Salinas
Batting: SHB Woody Stanley 0-0: Swinging Strike
0-1: Ball
1-1: Ball
2-1: Foul Ball, location: 2F
2-2: Foul Ball, location: 2F
2-2: Ball
3-2: Foul Ball, location: 2F
3-2: Foul Ball, location: 2F
3-2: Foul Ball, location: 2F
3-2: Ground out 3-1 (Groundball, 34)
Pitching: RHP Lawrence Miller
Batting: LHB Carlos Hernández 0-0: Foul Ball, location: 2F
0-1: Swinging Strike
0-2: Ball
1-2: Foul Ball, location: 2F
1-2: Hit by Pitch
Batting: RHB Howard Battle 0-0: Ball
1-0: Ball
2-0: Foul Ball, location: 2F
2-1: Ball
Wild Pitch!
Carlos Hernández to second
3-1: Foul Ball, location: 2F
3-2: Strikes out swinging
Batting: RHB Jesús León 0-0: Ball
1-0: Called Strike
1-1: Fly out, F8 (Line Drive, 8RD)
Top of the 5th over - 0 run(s), 0 hit(s), 0 error(s), 1 left on base; Rutgers 3 - Colorado 4
BOTTOM OF THE 5TH
Colorado Buffaloes batting - Pitching for Rutgers Scarlet Knights : RHP Miguel Durán
Batting: LHB Marcos Fontanez 0-0: Ball
1-0: Foul Ball, location: 2F
1-1: Foul Ball, location: 2F
1-2: Foul Ball, location: 2F
1-2: Ball
2-2: Ground out 6-3 (Groundball, 6D)
Batting: LHB Ethan Shaw 0-0: Ball
1-0: Ground out 4-3 (Groundball, 34)
Batting: LHB Claudio Jaramillo 0-0: Ball
1-0: Foul Ball, location: 2F
1-1: Ball
2-1: Foul Ball, location: 2F
2-2: Ground out 3-1 (Groundball, 34)
Bottom of the 5th over - 0 run(s), 0 hit(s), 0 error(s), 0 left on base; Rutgers 3 - Colorado 4
TOP OF THE 6TH
Rutgers Scarlet Knights batting - Pitching for Colorado Buffaloes : RHP Lawrence Miller
Batting: RHB Norm Gunn 0-0: Called Strike
0-1: Ball
1-1: Called Strike
1-2: SINGLE (Line Drive, 56D)
Batting: RHB Eric Green 0-0: Swinging Strike
0-1: Swinging Strike
0-2: Strikes out swinging
Batting: LHB Ryan Washington 0-0: Foul Ball, location: 2F
0-1: Called Strike
0-2: Ball
1-2: Foul Ball, location: 2F
1-2: Ball
2-2: Ball
3-2: Strikes out swinging
Norm Gunn is caught stealing 2nd base
Batter strikes out.
Top of the 6th over - 0 run(s), 1 hit(s), 0 error(s), 0 left on base; Rutgers 3 - Colorado 4
BOTTOM OF THE 6TH
Colorado Buffaloes batting - Pitching for Rutgers Scarlet Knights : RHP Miguel Durán
Pitching: RHP Tommy Holmes
Batting: RHB John Jones 0-0: Fly out, F9 (Flyball, 9S)
Batting: SHB Caleb Hart 0-0: Called Strike
0-1: Ball
1-1: Foul Ball, location: 2F
1-2: Ball
2-2: Ball
3-2: Strikes out looking
Batting: RHB Roger Lamb 0-0: Ball
1-0: Foul Ball, location: 2F
1-1: Ball
2-1: Called Strike
2-2: SOLO HOME RUN (Line Drive, 7LD), Distance : 324 ft
Batting: RHB Jeff Atkinson 0-0: Ball
1-0: SINGLE (Groundball, 6MD)
Batting: LHB Mark Spencer 0-0: Ground out U3 (Groundball, 3)
Bottom of the 6th over - 1 run(s), 2 hit(s), 0 error(s), 1 left on base; Rutgers 3 - Colorado 5
TOP OF THE 7TH
Rutgers Scarlet Knights batting - Pitching for Colorado Buffaloes : RHP Lawrence Miller
Batting: LHB Dave Watkins 0-0: Ground out U3 (Groundball, 3)
Batting: RHB Joe Roberts 0-0: Ball
1-0: Foul Ball, location: 2F
1-1: Foul Ball, location: 2F
1-2: Ball
2-2: Foul Ball, location: 2F
2-2: Ground out 6-3 (Groundball, 56)
Pitching: RHP Andrew Harding
Batting: SHB Woody Stanley 0-0: Ball
1-0: Ball
2-0: SINGLE (Groundball, 6MD)
Batting: LHB Carlos Hernández 0-0: Swinging Strike
0-1: Swinging Strike
0-2: Foul Ball, location: 2F
0-2: Foul Ball, location: 2F
0-2: Ball
1-2: Ball
2-2: SINGLE (Groundball, 6M) (infield hit)
Woody Stanley to second
Batting: RHB Howard Battle 0-0: Ball
1-0: Ball
2-0: Ball
3-0: Base on Balls
Woody Stanley to third
Carlos Hernández to second
Batting: RHB Jesús León 0-0: Fielders Choice at 2nd, 5-4 (Groundball, 56)
Top of the 7th over - 0 run(s), 2 hit(s), 0 error(s), 2 left on base; Rutgers 3 - Colorado 5
BOTTOM OF THE 7TH
Colorado Buffaloes batting - Pitching for Rutgers Scarlet Knights : RHP Tommy Holmes
Batting: RHB Eddie Woods 0-0: Swinging Strike
0-1: Ball
1-1: Ball
2-1: Foul Ball, location: 2F
2-2: Ground out 5-3 (Groundball, 5)
Batting: LHB Marcos Fontanez 0-0: Ball
1-0: DOUBLE (Flyball, 8LXD)
Batting: LHB Ethan Shaw 0-0: Intentional Walk
Batting: LHB Claudio Jaramillo 0-0: Ball
1-0: Foul Ball, location: 2F
1-1: Fly out, F6 (Flyball, 56D)
Batting: RHB John Jones 0-0: Ball
1-0: Foul Ball, location: 2F
1-1: SINGLE (Groundball, 34D)
Marcos Fontanez to third
Ethan Shaw to second
Runner from 3rd tries for Home, SAFE, throw made home
Pitching: RHP Clarence Miles
Batting: SHB Caleb Hart 0-0: Ball
1-0: Ball
2-0: Ball
3-0: Base on Balls
Ethan Shaw to third
John Jones to second
Batting: RHB Roger Lamb 0-0: Ball
1-0: Ball
2-0: Foul Ball, location: 2F
2-1: Ball
3-1: Base on Balls
Ethan Shaw scores
John Jones to third
Caleb Hart to second
Batting: RHB Jeff Atkinson 0-0: Ball
1-0: Ball
2-0: Called Strike
2-1: Fly out, F7 (Flyball, 7S)
Bottom of the 7th over - 2 run(s), 2 hit(s), 0 error(s), 3 left on base; Rutgers 3 - Colorado 7
TOP OF THE 8TH
Rutgers Scarlet Knights batting - Pitching for Colorado Buffaloes : RHP Andrew Harding
Batting: RHB Norm Gunn 0-0: Called Strike
0-1: Ball
1-1: SINGLE (Groundball, 34D)
Batting: RHB Eric Green 0-0: Called Strike
0-1: Fly out, F4 (Popup, 4S)
Batting: LHB Ryan Washington 0-0: Ball
1-0: Ball
2-0: Called Strike
2-1: Foul Ball, location: 2F
2-2: Ball
3-2: Base on Balls
Norm Gunn to second
Pitching: LHP David Rodríguez
Batting: LHB Dave Watkins 0-0: Swinging Strike
0-1: Ball
1-1: Ball
2-1: Swinging Strike
2-2: Foul Ball, location: 2F
2-2: Ball
3-2: Foul Ball, location: 2F
3-2: Base on Balls
Norm Gunn to third
Ryan Washington to second
Batting: RHB Joe Roberts 0-0: GRAND SLAM HOME RUN (Flyball, 7LD), Distance : 335 ft
Pitching: LHP Marc Fontenot
Batting: SHB Woody Stanley 0-0: Swinging Strike
0-1: Reached on error, E6 (Groundball, 6)
Batting: LHB Carlos Hernández 0-0: Ball
Woody Stanley is caught stealing 3rd base
1-0: Called Strike
1-1: Called Strike
1-2: Ball
2-2: Ball
3-2: SINGLE (Groundball, 56D)
Batting: RHB Howard Battle 0-0: Fly out, F8 (Line Drive, 78M)
Top of the 8th over - 4 run(s), 3 hit(s), 1 error(s), 1 left on base; Rutgers 7 - Colorado 7
BOTTOM OF THE 8TH
Colorado Buffaloes batting - Pitching for Rutgers Scarlet Knights : RHP Clarence Miles
Batting: LHB Mark Spencer 0-0: Ball
1-0: Called Strike
1-1: Swinging Strike
1-2: Ball
2-2: Foul Ball, location: 2F
2-2: Ground out U3 (Groundball, 3S)
Batting: RHB Eddie Woods 0-0: Called Strike
0-1: Ball
1-1: Ball
2-1: Ball
3-1: Foul Ball, location: 2F
3-2: Base on Balls
Batting: LHB Marcos Fontanez 0-0: Called Strike
0-1: Called Strike
0-2: Ball
1-2: Strikes out looking
Batting: LHB Ethan Shaw 0-0: Ball
Eddie Woods steals 2nd base
1-0: Called Strike
1-1: Ball
2-1: Foul Ball, location: 2F
2-2: Ball
3-2: Base on Balls
Batting: LHB Claudio Jaramillo 0-0: Ball
1-0: Ball
2-0: Ball
3-0: Base on Balls
Eddie Woods to third
Ethan Shaw to second
Batting: RHB John Jones 0-0: Foul Ball, location: 2F
0-1: Ball
1-1: Called Strike
1-2: Strikes out swinging
Bottom of the 8th over - 0 run(s), 0 hit(s), 0 error(s), 3 left on base; Rutgers 7 - Colorado 7
TOP OF THE 9TH
Rutgers Scarlet Knights batting - Pitching for Colorado Buffaloes : LHP Marc Fontenot
Pitching: LHP Víctor Ramírez
Batting: RHB Jesús León 0-0: Called Strike
0-1: Ball
1-1: Ball
2-1: SINGLE (Line Drive, 6MD)
Pinch Hitting: RHB Chris Barker 0-0: Sac Bunt - play at first, batter OUT! 1-3
Jesús León to second
Batting: RHB Eric Green 0-0: Intentional Walk
Pinch Hitting: RHB Bill Shaffer 0-0: Fielders Choice at 2nd, 3-6 (Groundball, 34)
Jesús León to third
Batting: LHB Dave Watkins 0-0: Swinging Strike
0-1: Swinging Strike
0-2: Strikes out looking
Top of the 9th over - 0 run(s), 1 hit(s), 0 error(s), 2 left on base; Rutgers 7 - Colorado 7
BOTTOM OF THE 9TH
Colorado Buffaloes batting - Pitching for Rutgers Scarlet Knights : RHP Clarence Miles
Pitching: RHP Bob Hall
Now at 1B: Bill Shaffer
Now in RF: Zander Rutherford
Batting: SHB Caleb Hart 0-0: Ball
1-0: Swinging Strike
1-1: Ball
2-1: SINGLE (Line Drive, 78M)
Batting: RHB Roger Lamb 0-0: SINGLE (Line Drive, 8RS)
Caleb Hart to second
Batting: RHB Jeff Atkinson 0-0: Called Strike
0-1: Ball
1-1: Ball
2-1: Foul Ball, location: 2F
2-2: Ball
3-2: Grounds into double play, 6-4-3 (Groundball, 6)
Caleb Hart to third
Batting: LHB Mark Spencer 0-0: Foul Ball, location: 2F
0-1: Ball
1-1: SINGLE (Groundball, 34D)
Caleb Hart scores
Thursday, March 30th, 2017 - OOTP Baseball 17.12 Build 75